 Dungeon Crawl Stone Soup version 0.18-a0-1041-gbe91bf5 (webtiles) character file.

1809 st0uf the Ducker (level 8, -1/78 HPs)
             Began as a Troll Fighter on Jan 10, 2016.
             Was a Priest of Qazlal.
             Slain by a wight
             ... wielding a +0 great sword
              (6 damage)
             ... on level 7 of the Dungeon.
             The game lasted 00:24:59 (5209 turns).

st0uf the Ducker (Troll Fighter)                    Turns: 5209, Time: 00:25:00

Health: -1/78      AC:  5    Str: 25    XL:     8   Next: 84%
Magic:  9/9        EV:  9    Int:  4    God:    Qazlal [***...]
Gold:   323        SH: 13    Dex: 11    Spells: 0 memorised, 7 levels left

rFire  . . .     SeeInvis .       - Unarmed
rCold  . . .     Gourm    +     a - +0 robe
rNeg   . . .     Faith    .     b - +0 shield
rPois  .         Spirit   .     (helmet restricted)
rElec  .         Dismiss  .     (no cloak)
rCorr  .         Reflect  .     (gloves unavailable)
SustAt .         Harm     .     (boots unavailable)
MR     .....                    (no amulet)
Stlth  +.........               (no ring)
                                (no ring)

@: heavily drained, not resistant to hostile enchantments, very unstealthy
A: unfitting armour, claws 3, fast metabolism 3, gourmand, regeneration 2,
shaggy fur 1, tough skin 2
a: Upheaval, Elemental Force, Renounce Religion


You were on level 7 of the Dungeon.
You worshipped Qazlal.
Qazlal was most pleased with you.
You were very full.

You visited 2 branches of the dungeon, and saw 10 of its levels.

You collected 388 gold pieces.
You spent 65 gold pieces at shops.

Inventory:

Missiles
 g - 6 poisoned javelins
 n - 206 stones
 F - 2 tomahawks
 H - 2 tomahawks of returning (quivered)
Armour
 a - a +0 robe (worn)
 b - a +0 shield (worn)
Jewellery
 k - an uncursed ring of protection from magic {unknown}
 y - a cursed ring of teleportation {unknown}
Wands
 o - a wand of fire (3/15)
 A - a wand of fireball (10/15)
Scrolls
 f - 3 scrolls of amnesia {unknown}
 h - a scroll of teleportation {unknown}
 i - a scroll of enchant armour {unknown}
 m - 4 scrolls of remove curse {unknown}
 p - 3 scrolls of magic mapping {unknown}
 q - a scroll of random uselessness {unknown}
 s - 8 scrolls of identify {unknown}
 B - a scroll of fog {unknown}
 E - a scroll of immolation {unknown}
Potions
 c - a potion of might
 e - 6 potions of curing
 j - 2 potions of mutation {unknown}
 l - a potion of agility {unknown}
 t - a potion of degeneration {unknown}
 u - 2 potions of poison {unknown}
 v - a potion of flight {unknown}
 x - 2 potions of haste {unknown}
 z - 2 potions of heal wounds
 D - 2 potions of brilliance {unknown}
 G - a potion of cure mutation {unknown}
Books
 r - a book of the Tempests

   Spells                             Type                      Level
   a - Static Discharge               Conjuration/Air              3
   b - Lightning Bolt                 Conjuration/Air              5
   c - Fireball                       Conjuration/Fire             5
   d - Tornado                        Air                          9
   e - Shatter                        Earth                        9
 C - a book of Annihilations

   Spells                             Type                      Level
   a - Poison Arrow                   Conjuration/Poison           6
   b - Chain Lightning                Conjuration/Air              8
   c - Lehudib's Crystal Spear        Conjuration/Earth            8
   d - Glaciate                       Conjuration/Ice              9
   e - Fire Storm                     Conjuration/Fire             9
Comestibles
 d - 8 bread rations
 w - 3 fruits
 I - a meat ration
 K - a beef jerky


   Skills:
 + Level 4.2(3.0) Fighting
 * Level 4.7(3.4) Throwing
 + Level 5.3(4.0) Dodging
 + Level 4.1(2.9) Shields
 + Level 4.7(3.5) Unarmed Combat
 * Level 3.3(2.1) Invocations


You had 7 spell levels left.
You didn't know any spells.

Dungeon Overview and Level Annotations

Branches:
Dungeon (9/15)             Temple (1/1) D:7
   Lair: D:8-11         Orc: D:9-12

Altars:
Ashenzari
Cheibriados
Dithmenos
Elyvilon
Fedhas
Gozag
Kikubaaqudgha
Makhleb
Nemelex Xobeh
Okawaru
Pakellas
Qazlal
Ru
Sif Muna
Trog
Xom
Yredelemnul
Zin
The Shining One

Shops:
D:4 !

Annotations:
D:6 exclusion: oklob plant
D:7 Pikel


Innate Abilities, Weirdness & Mutations

You are too large for most types of armour.
You have claws for hands.
Your metabolism is lightning-fast.
You like to eat raw meat.
You heal very quickly.
You are covered in fur (AC +1).
You have very tough skin (AC +2).


Message History

You closely miss the wight.
The wight is severely damaged.
The wight hits you with a great sword!
* * * LOW HITPOINT WARNING * * *
You feel drained.
* * * LOW HITPOINT WARNING * * *
You block the wight's attack.
You scratch the wight.
The wight is almost destroyed.
The wight hits you but does no damage. The wight closely misses you.
You closely miss the wight.
The wight is almost destroyed.
You scratch the wight.
You destroy the wight!
Qazlal accepts your kill. You block the wight's attack.
You claw the wight!
The wight is severely damaged.
The wight hits you with a great sword.
You die...

#..zz...≈≈≈≈≈
#.#####z§≈≈≈≈
#.#...#.≈≈≈≈≈
######.#.#§...≈≈≈≈
.........#......≈≈
#####..(.#........
#..##..#.#........
#).).....###......
#@§........+......
##z......###......
#......#......###
#.######.........
#.# #......... #.#
#......... ..#
#......### ###
#......# #......#


You could see a wight.

Vanquished Creatures
  4 slaves (D:7)
  2 ogres
  2 giant frogs
  A scorpion (D:6)
  7 wights
  5 crimson imps
  2 orc priests
  The ghost of Duffy the Ruffian, a weakling VSTm (D:3)
  2 jellies
  A quasit (D:7)
  2 hounds
  2 orc wizards (D:6)
  A centaur skeleton (D:4)
  A gnoll shaman (D:6)
  A giant frog skeleton (D:6)
  2 iguanas
  Natasha (thrice) (D:4)
  9 worker ants
  2 worker ant zombies
  6 gnolls
  8 adders
  A shadow imp (D:5)
  2 oozes
  An adder zombie (D:5)
  A worm (D:4)
  3 giant geckos
  10 orcs
  3 ball pythons
  8 bats
  6 giant cockroaches
  10 goblins
  6 hobgoblins
  8 jackals
  12 kobolds
  2 quokkas
  A giant cockroach zombie (D:6)
  8 giant newts
  A quokka skeleton (D:4)
  2 rats
  3 plants (D:6)
152 creatures vanquished.

Vanquished Creatures (others)
  A giant cockroach (D:2)
1 creature vanquished.

Grand Total: 153 creatures vanquished

Notes
Turn   | Place    | Note
--------------------------------------------------------------
     0 | D:1      | st0uf the Troll Fighter began the quest for the Orb.
     0 | D:1      | Reached XP level 1. HP: 22/22 MP: 0/0
   246 | D:1      | Reached XP level 2. HP: 29/29 MP: 1/1
   673 | D:1      | Reached XP level 3. HP: 36/36 MP: 2/2
   766 | D:2      | Reached skill level 1 in Throwing
   810 | D:2      | Found a sacrificial altar of Ru.
   810 | D:2      | Found a sparkling altar of Nemelex Xobeh.
   810 | D:2      | Found a bloodstained altar of Trog.
  1186 | D:2      | Found a stormy altar of Qazlal.
  1191 | D:2      | Became a worshipper of Qazlal Stormbringer
  1292 | D:3      | Noticed Duffy's ghost (weakling VSTm)
  1298 | D:3      | Killed Duffy's ghost
  1298 | D:3      | Reached skill level 3 in Dodging
  1298 | D:3      | Reached XP level 4. HP: 44/44 MP: 3/3
  1379 | D:3      | HP: 2/44 [poisoned by a kobold]
  1384 | D:3      | HP: 1/44 [poisoned by a kobold]
  1389 | D:3      | HP: 1/44 [poisoned by a kobold]
  1394 | D:3      | HP: 2/44 [poisoned by a kobold]
  1880 | D:3      | Reached * piety under Qazlal
  2157 | D:4      | Reached XP level 5. HP: 48/53 MP: 4/4
  2164 | D:4      | Found an opulent altar of Gozag.
  2228 | D:4      | Found a shattered altar of Ashenzari.
  2521 | D:4      | Reached XP level 6. HP: 61/61 MP: 5/5
  2525 | D:4      | Found a deep blue altar of Sif Muna.
  2531 | D:4      | Found a white marble altar of Elyvilon.
  2536 | D:4      | Found a shimmering altar of Xom.
  2595 | D:4      | Noticed Natasha
  2602 | D:4      | Killed Natasha
  2606 | D:4      | Noticed Natasha
  2619 | D:4      | Killed Natasha
  2649 | D:4      | Found an oddly glowing altar of Pakellas.
  2696 | D:4      | Found Upnuynea's Distillery.
  2699 | D:4      | Bought a potion of heal wounds for 65 gold pieces
  2763 | D:4      | Reached skill level 4 in Dodging
  2805 | D:4      | Noticed Natasha
  2810 | D:4      | Killed Natasha
  2998 | D:5      | Entered Level 5 of the Dungeon
  3111 | D:5      | Reached XP level 7. HP: 61/67 MP: 6/6
  3143 | D:5      | Reached ** piety under Qazlal
  3491 | D:5      | Found a snail-covered altar of Cheibriados.
  3762 | D:6      | Reached skill level 1 in Invocations
  3897 | D:6      | Reached XP level 8. HP: 66/78 MP: 8/8
  4044 | D:6      | You fall through a shaft for 3 floors!
  4296 | D:6      | Reached skill level 5 in Dodging
  4372 | D:6      | Reached *** piety under Qazlal
  4463 | D:6      | Found a blossoming altar of Fedhas.
  4482 | D:6      | Noticed an oklob plant
  4583 | D:6      | Found a burning altar of Makhleb.
  4939 | D:7      | Found a staircase to the Ecumenical Temple.
  4966 | Temple   | Entered the Ecumenical Temple
  5111 | D:7      | Noticed Pikel
  5205 | D:7      | HP: 3/78 [wight/great sword (4)]
  5209 | D:7      | Slain by a wight

Vault maps used:
D:1:      lemuel_arrival_muddy
D:2:      gammafunk_temple_overflow_forgotten, serial_bayou_lagoon_a,
          grunt_qazlal_clouds
D:3:      corexii_shack_village, first_bread
D:4:      ashenzari_conservatory_becter, grunt_gozag_statues,
          grunt_pakellas_basics, minmay_overflow_temple_star_quad, serial_shops,
          kennysheep_mini_moat, hex_large, uniq_natasha
D:5:      cheibriados_altar_1
D:6:      kennysheep_mini, tgw_fedhas
D:7:      temple_pool_a, uniq_pikel
D:9:      lemuel_round_altar, uniq_maurice
Temple:   temple_of_Zot_orb

Action                   |  1- 3 |  4- 6 |  7- 9 || total
-------------------------+-------+-------+-------++-------
Melee: Unarmed           |   118 |   190 |   237 ||   545
Throw: Javelin           |       |     4 |     3 ||     7
       Stone             |       |       |    13 ||    13
       Tomahawk          |       |       |    20 ||    20
  Eat: Chunk             |    18 |    16 |    19 ||    53
